 Dungeon Crawl Stone Soup version 0.27.1 (webtiles) character file.

Game seed: 672235777916307422

5445 Tinkle the Protected (level 10, -12/63 HPs)
             Began as a Minotaur Berserker on Aug 26, 2021.
             Was a High Priest of Trog.
             Mangled by a small abomination (16 damage)
             ... on level 3 of the Abyss on Aug 27, 2021.
             The game lasted 01:00:54 (10849 turns).

Tinkle the Protected (Minotaur Berserker)          Turns: 10849, Time: 01:00:55

Health: -12/63     AC: 16    Str: 21    XL:     10   Next: 41%
Magic:  0/9        EV:  9    Int: -1 (4) God:    Trog [*****.]
Gold:   461        SH:  4    Dex: 10    Spells: 9/9 levels left

rFire    . . .     SeeInvis .   z - +0 war axe
rCold    . . .     Faith    .   G - +0 buckler
rNeg     . . .     Spirit   +   v - +0 plate armour
rPois    .         Reflect  .   h - +2 hat
rElec    .         Harm     .   k - +0 cloak
rCorr    .         Rampage  .   (no gloves)
Will     +....     Rnd*Rage +   (no boots)
Stlth    ..........             x - amulet of guardian spirit
HPRegen  0.20/turn              e - +4 ring of protection
MPRegen  0.11/turn              u - ring of willpower

@: on berserk cooldown, slowed, lost intelligence, very slow
A: horns 2, retaliatory headbutt, [berserk 2], [deformed body], [frail 3],
[screaming 2], [weak 2], [subdued magic 2]
a: Renounce Religion, Berserk, Trog's Hand, Brothers in Arms


You were on level 3 of the Abyss.
You worshipped Trog.
Trog was extremely pleased with you.
You visited 2 branches of the dungeon, and saw 10 of its levels.
You visited the Abyss 1 time.

You collected 760 gold pieces.
You spent 299 gold pieces at shops.

Inventory:

Hand Weapons
 j - a +4 quarterstaff of chaos
 z - a +0 war axe (weapon)
 E - a +2 flail
 I - a +2 vampiric spear
Missiles
 c - 33 poisoned darts (quivered)
 A - a curare-tipped dart
Armour
 h - a +2 hat (worn)
 k - a +0 cloak (worn)
 o - a +3 leather armour of fire resistance
 v - a +0 plate armour (worn)
 G - a +0 buckler (worn)
 H - +0 acid dragon scales
Jewellery
 e - a +4 ring of protection (left hand)
 i - a +4 ring of evasion
 u - a ring of willpower (right hand)
 x - an amulet of guardian spirit (around neck)
Wands
 m - a wand of flame (28)
 n - a wand of iceblast (21)
 s - a wand of mindburst (6)
 D - a wand of acid (6)
Scrolls
 a - a scroll of enchant armour
 b - a scroll of fog
 d - a scroll of magic mapping {unknown}
 f - 2 scrolls of teleportation
 p - a scroll of identify
 C - a scroll of enchant weapon {unknown}
Potions
 l - a potion of curing
 q - a potion of might
 r - a potion of haste
 t - 3 potions of mutation
 w - a potion of cancellation {unknown}
 B - a potion of lignification {unknown}


   Skills:
 + Level 8.8 Fighting
 + Level 8.9 Axes
 * Level 9.8 Armour
 + Level 7.7 Dodging
 - Level 4.0 Shields
 - Level 5.0 Evocations


You had 9 spell levels left.
You didn't know any spells.
Your spell library was empty.

Dungeon Overview and Level Annotations

Branches:
Dungeon (9/15)             Temple (1/1) D:4            Lair (0/6) D:8
    Orc: D:9-12

Altars:
Ashenzari
Cheibriados
Dithmenos
Elyvilon
Fedhas
Gozag
Hepliaklqana
Kikubaaqudgha
Makhleb
Nemelex Xobeh
Okawaru
Qazlal
Ru
Trog
Uskayaw
Vehumet
Wu Jian
Xom
Yredelemnul
Zin
The Shining One

Shops:
D:1 =   D:5 [

Annotations:
D:3 Grinder
D:9 exclusion: obsidian statue


Innate Abilities, Weirdness & Mutations

You have a pair of horns on your head.
You reflexively headbutt those who attack you in melee.
[You often lose your temper in combat.]
[Armour fits poorly on your strangely shaped body.]
[You are extremely frail. (-30% HP)]
[You frequently scream uncontrollably at your foes.]
[You are very weak. (Str -4)]
[Your spells are easier to cast, but less powerful.]


Message History

You feel dopey.
You have lost your intelligence.
Something feeds on your intellect!
The flying skull hits you but does no damage. x3
The flying skull barely misses you. The flying skull hits you.
The flying skull barely misses you.
You can move again.
Damage: -5%(-3hp) hp: 37%(23hp)
The neqoxec shouts!
The flying skull hits you but does no damage.
The flying skull hits you.
Damage: -5%(-3hp) hp: 32%(20hp)
A small abomination comes into view.
The flying skull hits you.
A chaos spawn comes into view.
Damage: -1%(-1hp) hp: 31%(19hp)
The flying skull barely misses you.
The flying skull hits you but does no damage. x3
You hit the small abomination.
The small abomination is lightly damaged.
You hit the flying skull but do no damage.
You miss the flying skull. x2
The flying skull hits you but does no damage.
The flying skull completely misses you. The flying skull barely misses you.
You furiously retaliate!
You headbutt the flying skull. The flying skull hits you.
* * * LOW HITPOINT WARNING * * *
The flying skull closely misses you. The small abomination hits you!
* * * LOW HITPOINT WARNING * * *
The flying skull hits you but does no damage.
Huge Dmg: -18%(-11hp) hp: 13%(8hp)
You barely miss the flying skull.
The flying skull is moderately damaged.
You hit the flying skull but do no damage.
You slash the small abomination! You barely miss the flying skull.
The flying skull hits you but does no damage.
The flying skull closely misses you. You furiously retaliate!
You headbutt the flying skull. The flying skull hits you.
* * * LOW HITPOINT WARNING * * *
The small abomination hits you!
You die...

. . ####.# #.#...
# # # .....#.#.
.## #.#..#.# ...
### .....# ..#
...###.#z##..#...
#..#3zz@x......
#.##ยง..#z##..#...
#....#3#.##.#
#.#.##4# #.. # .#
. #..3.#.#..## ##
# #.#....###
#...#####..
####..##..# #..#.
##


You could see 2 neqoxecs, a chaos spawn, a small abomination and 4 flying
skulls.

Vanquished Creatures
  A two-headed ogre (D:9)
  Maggie (D:8)
  A hornet (D:8)
  4 yaks (D:9)
  A basilisk (D:8)
  2 steam dragons (D:8)
  3 water moccasins
  An orc warrior (D:9)
  A sky beast (D:6)
  An ogre (D:7)
  A necrophage (D:6)
  A centaur (D:8)
  4 phantoms
  4 kobold brigands
  4 bullfrogs
  A gnoll sergeant (D:8)
  2 scorpions
  A water moccasin skeleton (D:5)
  12 wights
  4 killer bees (D:9)
  A howler monkey (D:6)
  A quasit (D:7)
  3 gnoll shamans (D:8)
  Crazy Yiuf (D:2)
  A bullfrog skeleton (D:5)
  4 hounds
  2 centaur skeletons (D:7)
  3 iguanas
  Ijyb (D:3)
  2 orc wizards
  2 killer bee zombies
  Robin (D:3)
  2 howler monkey zombies
  12 gnolls
  6 adders
  A shadow imp (D:7)
  3 white imps
  2 ufetubi (D:5)
  An adder skeleton (D:5)
  A worm (D:2)
  5 dart slugs
  15 orcs
  9 ball pythons
  3 endoplasms
  4 giant cockroaches
  16 goblins
  9 hobgoblins
  11 jackals (D:1)
  16 kobolds
  4 quokkas
  3 bats
  3 frilled lizards
  A goblin skeleton (D:7)
  2 goblin zombies (D:7)
  5 hobgoblin zombies (D:7)
  2 kobold zombies (D:7)
  An orc skeleton (D:7)
  4 rats
213 creatures vanquished.

Vanquished Creatures (others)
  A killer bee (D:8)
  A white imp (Abyss:3)
  A ball python (D:1)
  8 foxfires (Abyss:3)
11 creatures vanquished.

Grand Total: 224 creatures vanquished

Notes
Turn   | Place    | Note
-------+----------+-------------------------------------------
     0 | D:1      | Tinkle the Minotaur Berserker began the quest for the Orb.
     0 | D:1      | Reached XP level 1. HP: 19/19 MP: 0/0
    61 | D:1      | Huge Dmg: 3 dmg
   290 | D:1      | Reached XP level 2. HP: 24/27 MP: 1/1
   538 | D:1      | Reached skill level 3 in Armour
   555 | D:1      | Reached ** piety under Trog
   556 | D:1      | Reached XP level 3. HP: 25/33 MP: 2/2
   770 | D:1      | Found a faded altar of an unknown god.
  1157 | D:1      | Found Ughairyu's Jewellery Boutique.
  1540 | D:2      | Reached XP level 4. HP: 21/41 MP: 3/3
  2091 | D:2      | Reached XP level 5. HP: 36/47 MP: 4/4
  2296 | D:2      | Found a runed translucent door.
  2297 | D:2      | Noticed Crazy Yiuf
  2324 | D:2      | Killed Crazy Yiuf
  2328 | D:2      | Huge Dmg: 18 dmg
  2467 | D:2      | Reached skill level 4 in Armour
  2993 | D:3      | Noticed Grinder
  3076 | D:3      | Noticed Ijyb
  3086 | D:3      | Killed Ijyb
  3144 | D:3      | Paralysed by Grinder for 3 turns
  3161 | D:3      | Huge Dmg: 13 dmg
  3179 | D:4      | Huge Dmg: 8 dmg
  3180 | D:4      | Huge Dmg: 8 dmg
  3184 | D:4      | Reached skill level 5 in Fighting
  3184 | D:4      | Reached skill level 5 in Axes
  3491 | D:3      | Noticed Robin
  3493 | D:3      | Reached *** piety under Trog
  3501 | D:3      | Killed Robin
  3502 | D:3      | Reached XP level 6. HP: 56/56 MP: 5/5
  3505 | D:3      | Huge Dmg: 27 dmg
  3884 | D:4      | Found an opulent altar of Gozag.
  3913 | D:4      | Found a staircase to the Ecumenical Temple.
  3920 | D:4      | Found a basalt altar of Yredelemnul.
  4028 | Temple   | Entered the Ecumenical Temple
  4321 | D:4      | Found a radiant altar of Vehumet.
  4863 | D:5      | Entered Level 5 of the Dungeon
  4863 | D:5      | Noticed a water moccasin
  4873 | D:4      | Killed a water moccasin
  4880 | D:4      | Reached skill level 5 in Armour
  5033 | D:5      | Reached XP level 7. HP: 60/61 MP: 6/6
  5066 | D:5      | Found Osuich's Antique Armour Shop.
  5098 | D:5      | Reached skill level 1 in Evocations
  5524 | D:5      | Reached skill level 5 in Dodging
  5633 | D:5      | Bought a runed hat for 182 gold pieces
  6177 | D:6      | Reached **** piety under Trog
  6225 | D:6      | Reached XP level 8. HP: 68/71 MP: 7/7
  6271 | D:6      | Reached skill level 6 in Armour
  6651 | D:7      | Huge Dmg: 33 dmg
  7084 | D:7      | Found a glowing golden altar of the Shining One.
  8017 | D:7      | Reached XP level 9. HP: 73/79 MP: 6/8
  8114 | D:7      | Reached skill level 7 in Armour
  8209 | D:5      | Bought a buckler for 117 gold pieces
  8462 | D:8      | Reached skill level 1 in Shields
  8973 | D:8      | Noticed Maggie
  8998 | D:8      | Killed Maggie
  8998 | D:8      | Reached ***** piety under Trog
  9262 | D:8      | Found a bloodstained altar of Trog.
  9360 | D:8      | Reached skill level 8 in Armour
  9378 | D:8      | Huge Dmg: 27 dmg
  9638 | D:8      | Huge Dmg: 16 dmg
  9983 | D:8      | Found a staircase to the Lair.
 10224 | D:9      | Noticed an obsidian statue
 10453 | D:9      | Reached XP level 10. HP: 80/87 MP: 7/9
 10463 | D:9      | Reached skill level 9 in Armour
 10528 | D:9      | Huge Dmg: 45 dmg
 10621 | D:9      | Noticed a two-headed ogre
 10633 | D:9      | Killed a two-headed ogre
 10634 | D:9      | Reached skill level 5 in Evocations
 10675 | D:9      | Noticed a wizard
 10698 | D:9      | Cast into level 3 of the Abyss (a wizard)
 10706 | Abyss:3  | Noticed a will-o-the-wisp
 10748 | Abyss:3  | Noticed a wretched star
 10758 | Abyss:3  | Noticed a smoke demon
 10764 | Abyss:3  | Noticed a red very ugly thing
 10765 | Abyss:3  | Huge Dmg: 17 dmg
 10767 | Abyss:3  | Huge Dmg: 12 dmg
 10771 | Abyss:3  | Huge Dmg: 12 dmg
 10779 | Abyss:3  | Huge Dmg: 8 dmg
 10828 | Abyss:3  | Huge Dmg: 21 dmg
 10839 | Abyss:3  | Lost intelligence.
 10849 | Abyss:3  | Huge Dmg: 11 dmg
 10849 | Abyss:3  | Mangled by a small abomination

Illustrated notes

Levels and vault maps discovered:
D:1:      wander_arrival_lonely_grave, layout_loops_corners,
          chequers_ecumenical_altar_twisty, serial_shops, shop,
          lemuel_flame_loot_1
D:2:      layout_basic, uniq_crazy_yiuf_cottage
D:3:      layout_loops_ring, uniq_ijyb, uniq_grinder, uniq_natasha, uniq_robin
D:4:      cheibrodos_greedy_goblins, layout_basic, grunt_gozag_breadcrumbs,
          lemuel_crystal_altar, amcnicky_altar_gilded,
          minmay_temple_entry_offerings
D:5:      layout_cave_pools, serial_shops, nicolae_diamond_shop
D:6:      layout_loops_ring, hex_medium
D:7:      layout_basic, nicolae_tso_besieged_by_evil
D:8:      layout_gridville, mainiacjoe_overflow_tiny_flanked, lair_entry_dummy,
          dk_noncrumbling_3, minmay_joined_circles, uniq_maggie
D:9:      layout_basic, zombieorc2_lemuel, minmay_protected_statue
Temple:   regret_index_temple_sphere_string
Abyss:3:  base: D:9, evilmike_abyss_exit_5, bh_abyss_negative,
          bh_abyss_negative, lemuel_flamethrower_hall,
          doesnt_abyss_rune_brain_food

Skill      XL: |  1  2  3  4  5  6  7  8  9 10 |
---------------+-------------------------------+-----
Axes           | 4 5 6 7 8 |  8.9
Fighting       | 4 5 6 7 8 |  8.8
Armour         | 3 4 5 6 8 9 |  9.8
Dodging        | 3 4 5 6 7 |  7.7
Evocations     | 2 3 4 5 |  5.0
Shields        | 3 4 |  4.0

Action                   |  1- 3 |  4- 6 |  7- 9 | 10-12 || total
-------------------------+-------+-------+-------+-------++-------
Melee: Hand axe          |    87 |   142 |   123 |       ||   352
       Headbutt          |    12 |    25 |    70 |    10 ||   117
       War axe           |       |       |   232 |    48 ||   280
Throw: Dart              |       |    18 |    10 |       ||    28
Invok: Berserk           |       |     2 |     2 |     1 ||     5
  Use: Potion            |       |     3 |     1 |     2 ||     6
       Scroll            |       |     3 |     6 |     1 ||    10
Armor: Animal skin       |    17 |       |       |       ||    17
       Leather armour    |     5 |       |       |       ||     5
       Scale mail        |       |    50 |    20 |       ||    70
       Plate armour      |       |       |   173 |    40 ||   213
Dodge: Dodged            |    58 |    83 |   248 |    43 ||   432
Block: Buckler           |       |       |    28 |     7 ||    35
